 Dungeon Crawl Stone Soup version 0.20.1-1-g8b1a95d (webtiles) character file.

14138 KoningWillie the Fencer (level 11, -7/100 HPs)
             Began as a Minotaur Fighter on Nov 4, 2017.
             Was a High Priest of the Shining One.
             Mangled by a gnoll sergeant
             ... wielding a +2 trident of venom
              (9 damage)
             ... on level 11 of the Dungeon on Nov 10, 2017.
             The game lasted 00:31:25 (10514 turns).

KoningWillie the Fencer (Minotaur Fighter)         Turns: 10514, Time: 00:31:26

Health: -7/100     AC: 18    Str: 24    XL:     11   Next: 84%
Magic:  11/11      EV: 12    Int:  5    God:    the Shining One [*****.]
Gold:   302        SH:  0    Dex: 10    Spells: 10/10 levels left

rFire    + . .     SeeInvis .   E - +4 great sword (protect)
rCold    . . .     Gourm    .   (shield currently unavailable)
rNeg     + + .     Faith    .   b - +0 scale mail
rPois    .         Spirit   .   (helmet restricted)
rElec    .         Reflect  .   (no cloak)
rCorr    .         Harm     .   (no gloves)
MR       .....                  e - +1 pair of boots {Fly}
Stlth    ..........             (no amulet)
Regen    0.3/turn               d - ring of protection from fire
MPRegen  0.2/turn               I - +1 ring of protection

@: lethally poisoned (-7 -> -39), protection aura, flying, glowing
A: retaliatory headbutt, horns 2
a: Divine Shield, Cleansing Flame, Summon Divine Warrior, Renounce Religion,
Stop Flying


You were on level 11 of the Dungeon.
You worshipped the Shining One.
The Shining One was extremely pleased with you.
You were not hungry.

You visited 3 branches of the dungeon, and saw 13 of its levels.
You also visited: Ossuary.

You collected 547 gold pieces.
You spent 245 gold pieces at shops.

Inventory:

Hand Weapons
 E - a +4 great sword of protection (weapon)
Missiles
 p - 5 poisoned tomahawks (quivered)
Armour
 b - a +0 scale mail (worn)
 e - a +1 pair of boots of flying (worn)
Jewellery
 d - a ring of protection from fire (left hand)
 u - an uncursed ring of ice
 I - a +1 ring of protection (right hand)
Wands
 c - a wand of lightning (3/15)
 g - a wand of scattershot (3/9)
 w - a wand of digging (15/24)
 G - a wand of iceblast (4/15)
Scrolls
 j - a scroll of amnesia
 n - 3 scrolls of fog
 o - 2 scrolls of teleportation
 B - 4 scrolls of remove curse
 F - 3 scrolls of identify
Potions
 a - a potion of lignification {unknown}
 i - 8 potions of curing
 k - 3 potions of agility
 m - a potion of magic
 r - a potion of mutation
 s - a potion of flight
 t - a potion of invisibility
 v - a potion of might
 x - 2 potions of haste
 z - 2 potions of degeneration {unknown}
 C - 2 potions of brilliance
Books
 q - a book of Minor Magic

   Spells                             Type                      Level
   a - Magic Dart                     Conjuration                  1
   b - Blink                          Translocation                2
   c - Call Imp                       Summoning                    2
   d - Slow                           Hexes                        2
   e - Conjure Flame                  Conjuration/Fire             3
   f - Mephitic Cloud                 Conjuration/Poison/Air       3
 y - a book of Cantrips

   Spells                             Type                      Level
   a - Confusing Touch                Hexes                        1
   b - Animate Skeleton               Necromancy                   1
   c - Summon Small Mammal            Summoning                    1
   d - Apportation                    Translocation                1
 H - a book of Unlife

   Spells                             Type                      Level
   a - Recall                         Summoning/Translocation      3
   b - Animate Dead                   Necromancy                   4
   c - Control Undead                 Necromancy                   4
   d - Cigotuvi's Embrace             Necromancy                   5
   e - Death Channel                  Necromancy                   6
   f - Simulacrum                     Ice/Necromancy               6
Comestibles
 f - 4 bread rations
 h - 5 royal jellies
 l - a meat ration
 D - 7 fruits


   Skills:
 + Level 10.2 Fighting
 + Level 16.0 Long Blades
 + Level 0.8 Throwing
 + Level 9.2 Armour
 - Level 5.5 Dodging
 + Level 1.5 Stealth
   Level 6.4 Shields
 * Level 2.1 Invocations
 + Level 1.1 Evocations


You had 10 spell levels left.
You didn't know any spells.

Dungeon Overview and Level Annotations

Branches:
Dungeon (11/15)            Temple (1/1) D:5            Lair (1/6) D:9
    Orc (0/2) D:11

Altars:
Ashenzari
Cheibriados
Dithmenos
Elyvilon
Fedhas
Gozag
Hepliaklqana
Kikubaaqudgha
Makhleb
Nemelex Xobeh
Okawaru
Qazlal
Ru
Trog
Uskayaw
Vehumet
Zin
The Shining One

Shops:
D:4 [   D:5 *(}   D:10 =

Annotations:
D:4 soepske's ghost, amateur MfWn
D:5 Schiappus's ghost, novice TrBe


Innate Abilities, Weirdness & Mutations

You reflexively headbutt those who attack you in melee.
You have a pair of horns on your head.


Message History

The gnoll sergeant is moderately wounded.
You feel sick.
The gnoll sergeant hits you but does no damage.
You are lethally poisoned!
The gnoll barely misses you. You furiously retaliate!
You headbutt the gnoll!
You kill the gnoll!
Your Long Blades skill increases to level 16!
You hit the gnoll sergeant. You headbutt the gnoll sergeant.
The gnoll sergeant is heavily wounded.
* * * LOW HITPOINT WARNING * * *
You feel sick.
The gnoll sergeant hits you with a trident of venom.
* * * LOW HITPOINT WARNING * * *
You are more poisoned.
The ogre hits you with a giant club!
* * * LOW HITPOINT WARNING * * *
* * * LOW HITPOINT WARNING * * *
You feel very sick.
The gnoll sergeant hits you from afar with a trident of venom!
You die...

....#
#...†....#.#.......#####
....### #........#.#.......#
......####........#.#.......#
....#..).#.....#.#######....#
....####.'.....#.#8...8#....#
....# ###.....#.#o....#....#
....# #.....#gOoO>..#....#
.#### ###+###†#.....#....# .#
. #@#8o..8##'### ##
.###.########.### .# ..##.#
#...# .# #....# ####'### ...
#.#### #..[.<.# #### #.#
#......# ...# #.# #......#
##.# #<# #......# .#.# #.#
#......#


You could see an ogre, a gnoll sergeant and an orc.

Vanquished Creatures
  Josephine (D:10)
  Erolcha (D:9)
  A two-headed ogre (D:10)
  A centaur warrior (D:10)
  An unseen horror (D:10)
  An ugly thing (D:10)
  Psyche (D:9)
  A centaur skeleton (D:10)
  A komodo dragon (Lair:1)
  A troll (D:11)
  Prince Ribbit (D:9)
  2 hippogriffs
  A shadow (D:11)
  8 yaks
  4 wraiths (D:10)
  A hungry ghost (D:10)
  A vampire mosquito (D:10)
  An acid dragon (D:11)
  6 porcupines
  5 orc warriors
  2 water moccasins (D:11)
  An ice beast (D:10)
  3 black bears
  4 sky beasts
  4 ogres
  3 centaurs
  A necrophage (D:9)
  3 wolves (Lair:1)
  4 crocodiles
  4 big kobolds
  10 bullfrogs
  2 gnoll sergeants (D:11)
  A wyvern zombie (D:9)
  4 scorpions
  A wyvern skeleton (D:11)
  6 killer bees (D:10)
  9 wights
  4 howler monkeys
  2 bullfrog zombies
  A quasit (D:8)
  3 crimson imps
  5 orc priests
  2 hounds
  A jelly (D:9)
  A gnoll shaman (D:8)
  8 orc wizards
  3 worker ants
  3 killer bee zombies
  2 hound zombies
  A hound skeleton (D:9)
  3 mummies (Ossuary)
  A worker ant zombie (D:10)
  14 gnolls
  8 adders
  5 shadow imps
  3 adder zombies
  2 adder skeletons (D:8)
  A worm (D:2)
  4 leopard geckos
  29 orcs
  A ball python (D:1)
  5 giant cockroaches
  5 goblins
  6 hobgoblins
  13 jackals
  A quokka (D:6)
  9 bats
  3 frilled lizards
  3 goblin zombies (Ossuary)
  3 hobgoblin zombies (Ossuary)
  16 kobolds
  4 kobold zombies (Ossuary)
  An orc zombie (Ossuary)
  A quokka skeleton (D:9)
  3 quokka zombies
  3 rats
  4 rat zombies (Ossuary)
  A fungus (D:9)
290 creatures vanquished.

Vanquished Creatures (others)
  26 fungi (D:9)
  11 plants
37 creatures vanquished.

Grand Total: 327 creatures vanquished

Notes
Turn   | Place    | Note
-------+----------+-------------------------------------------
     0 | D:1      | KoningWillie the Minotaur Fighter began the quest for the Orb.
     0 | D:1      | Reached XP level 1. HP: 19/19 MP: 0/0
     2 | D:1      | Noticed a vampire
     2 | D:1      | Noticed a draconian
     4 | D:1      | Noticed a spriggan
     7 | D:1      | Noticed a centaur
     7 | D:1      | Noticed an ogre
     9 | D:1      | Noticed a merfolk
     9 | D:1      | Noticed a demigod
    11 | D:1      | Noticed a troll
    11 | D:1      | Noticed a human
    13 | D:1      | Noticed an elf
    15 | D:1      | Noticed an octopode
    15 | D:1      | Noticed a halfling
    17 | D:1      | Noticed a felid
    17 | D:1      | Noticed a naga
    19 | D:1      | Noticed a minotaur
    21 | D:1      | Noticed a tengu
    21 | D:1      | Noticed a ghoul
    23 | D:1      | Noticed a formicid
    23 | D:1      | Noticed a dwarf
    25 | D:1      | Noticed a vine stalker
    25 | D:1      | Noticed a gargoyle
    27 | D:1      | Noticed a demonspawn
   176 | D:1      | Reached XP level 2. HP: 27/27 MP: 1/1
   514 | D:2      | Reached XP level 3. HP: 33/33 MP: 2/2
   589 | D:2      | Reached skill level 3 in Long Blades
  1289 | D:3      | Reached XP level 4. HP: 29/40 MP: 3/3
  1992 | D:3      | Reached skill level 4 in Long Blades
  2078 | D:4      | Found Fikk's Armour Shop.
  2094 | D:4      | Found a sand-covered staircase.
  2102 | Ossuary  | Entered an ossuary
  2116 | Ossuary  | Reached XP level 5. HP: 17/46 MP: 4/4
  2475 | D:4      | Bought a +1 pair of boots of flying for 165 gold pieces
  2588 | D:4      | Reached skill level 5 in Long Blades
  2669 | D:4      | Noticed soepske's ghost (amateur MfWn)
  2737 | D:5      | Entered Level 5 of the Dungeon
  2742 | D:5      | Found a staircase to the Ecumenical Temple.
  2752 | Temple   | Entered the Ecumenical Temple
  2897 | Temple   | Became a worshipper of the Shining One
  2945 | D:5      | Found Zinuasab's Assorted Antiques.
  2953 | D:5      | Bought a scroll of identify for 44 gold pieces
  2984 | D:5      | Reached XP level 6. HP: 53/53 MP: 5/5
  3106 | D:5      | Found Cesothyj's Gadget Emporium.
  3140 | D:5      | Reached skill level 1 in Dodging
  3246 | D:5      | Found Pusemnig's Weapon Emporium.
  3377 | D:5      | Reached skill level 6 in Long Blades
  3495 | D:5      | Noticed Schiappus's ghost (novice TrBe)
  3539 | D:6      | Reached skill level 5 in Armour
  3780 | D:6      | Found a hazy altar of Hepliaklqana.
  3791 | D:6      | Reached * piety under the Shining One
  3796 | D:6      | Reached XP level 7. HP: 60/60 MP: 6/6
  3800 | D:6      | Reached skill level 5 in Shields
  3805 | D:6      | Reached skill level 5 in Fighting
  3948 | D:6      | Reached skill level 7 in Long Blades
  4079 | D:6      | You are sucked into a shaft!
  4146 | D:8      | Reached skill level 8 in Long Blades
  4209 | D:8      | Reached XP level 8. HP: 59/70 MP: 7/7
  4216 | D:8      | Reached ** piety under the Shining One
  4607 | D:8      | Noticed Psyche
  4632 | D:9      | Killed Psyche
  4632 | D:9      | Reached skill level 9 in Long Blades
  5204 | D:8      | Noticed a purple ugly thing
  5219 | D:9      | Reached XP level 9. HP: 51/75 MP: 8/8
  5367 | D:9      | Reached skill level 10 in Long Blades
  5386 | D:9      | Reached skill level 11 in Long Blades
  5386 | D:9      | Reached skill level 1 in Stealth
  5675 | D:9      | Reached *** piety under the Shining One
  5687 | D:9      | Found a staircase to the Lair.
  5771 | Lair:1   | Entered Level 1 of the Lair of Beasts
  5824 | Lair:1   | Reached skill level 12 in Long Blades
  5827 | Lair:1   | Reached XP level 10. HP: 46/86 MP: 9/9
  6272 | Lair:1   | Noticed a spiny frog
  6877 | Lair:1   | Noticed a black mamba
  6890 | Lair:1   | HP: 1/88 [black mamba (8)]
  7231 | D:9      | Reached skill level 13 in Long Blades
  7557 | D:9      | Noticed Prince Ribbit
  7571 | D:9      | Killed Prince Ribbit
  8109 | D:9      | Noticed Erolcha
  8115 | D:9      | Killed Erolcha
  8115 | D:9      | Reached skill level 5 in Dodging
  8483 | D:10     | Entered Level 10 of the Dungeon
  8565 | D:10     | Noticed an unseen horror
  8568 | D:10     | Killed an unseen horror
  8568 | D:10     | Reached skill level 14 in Long Blades
  8594 | D:10     | Found Zuxeanash's Jewellery Shoppe.
  8602 | D:10     | Bought a +1 ring of protection for 36 gold pieces
  8668 | D:10     | Noticed a two-headed ogre
  8673 | D:10     | Noticed Josephine
  8673 | D:10     | Killed a two-headed ogre
  8673 | D:10     | Reached XP level 11. HP: 97/97 MP: 10/10
  8705 | D:10     | Killed Josephine
  8705 | D:10     | Reached skill level 1 in Evocations
  9038 | D:10     | Noticed a centaur warrior
  9055 | D:10     | Killed a centaur warrior
  9141 | D:10     | Reached **** piety under the Shining One
  9349 | D:10     | Reached skill level 15 in Long Blades
  9426 | D:10     | Noticed a white ugly thing
  9442 | D:10     | Reached skill level 1 in Invocations
  9446 | D:10     | Killed a white ugly thing
 10056 | D:11     | Found a glowing silver altar of Zin.
 10082 | D:11     | Reached skill level 10 in Fighting
 10304 | D:11     | Reached ***** piety under the Shining One
 10479 | D:11     | Found a staircase to the Orcish Mines.
 10512 | D:11     | Reached skill level 16 in Long Blades
 10513 | D:11     | HP: 4/100 [ogre/giant club (12)]
 10514 | D:11     | Mangled by a gnoll sergeant

Skill      XL: |  1  2  3  4  5  6  7  8  9 10 11 |
---------------+----------------------------------+-----
Fighting       | 4 5 6 7 9 10 | 10.2
Shields        | 4 5 6 |  6.4
Armour         | 4 5 6 7 8 9 |  9.2
Long Blades    | 3 4 5 6 8 9 12 14 16 | 16.0
Dodging        | 1 3 4 5 |  5.5
Stealth        | 1 |  1.5
Evocations     | 1 |  1.1
Invocations    | 2 |  2.1
Throwing       | |  0.8

Action                   |  1- 3 |  4- 6 |  7- 9 | 10-12 || total
-------------------------+-------+-------+-------+-------++-------
Melee: Long sword        |   100 |   132 |   129 |       ||   361
       Headbutt          |    16 |    27 |    35 |    49 ||   127
       Great sword       |       |       |    75 |   270 ||   345
Throw: Tomahawk          |       |       |     1 |       ||     1
Invok: Divine Shield     |       |       |       |     2 ||     2
Evoke: Wand              |       |     3 |     1 |     8 ||    12
  Use: Scroll            |     4 |    17 |     1 |    12 ||    34
       Potion            |       |     1 |       |     2 ||     3
  Eat: Bread ration      |     1 |       |       |       ||     1
       Meat ration       |       |     1 |     2 |     3 ||     6
Armor: Scale mail        |    40 |    49 |    98 |   136 ||   323
Dodge: Dodged            |    41 |    41 |    82 |   174 ||   338
Block: Shield            |    51 |    47 |    80 |       ||   178
       Other             |       |       |       |     3 ||     3
       Rpst.: Long sword |     7 |    11 |    12 |       ||    30
       Great sword       |       |       |    10 |    47 ||    57
